 Dungeon Crawl Stone Soup version 0.26-a0-835-g8259106e14 (webtiles) character file.

Game seed: 13900079014327550646

431 Kinoniko the Vandal (level 7, -1/44 HPs)
             Began as a Halfling Hunter on Nov 17, 2020.
             Slain by a phantom (5 damage)
             ... on level 4 of the Dungeon.
             The game lasted 00:05:11 (4436 turns).

Kinoniko the Vandal (Halfling Hunter)               Turns: 4436, Time: 00:05:12

Health: -1/44      AC:  9    Str: 15    XL:     7   Next: 20%
Magic:  7/7        EV:  9    Int:  9    God:
Gold:   265        SH:  0    Dex: 15    Spells: 6/6 levels left

rFire    . . .     SeeInvis .   k - +3 short sword (venom)
rCold    + . .     Faith    .   (shield restricted)
rNeg     . . .     Spirit   .   c - +1 chain mail {rC+}
rPois    +         Reflect  .   (no helmet)
rElec    .         Harm     .   (no cloak)
rCorr    .         Rampage  .   (no gloves)
MR       .....                  (no boots)
Stlth    ..........             (no amulet)
HPRegen  0.14/turn              h - ring of poison resistance
MPRegen  0.10/turn              (no ring)

@: mighty
A: small, mutation resistance 1
a: no special abilities


You were on level 4 of the Dungeon.
You visited 1 branch of the dungeon, and saw 4 of its levels.

You collected 265 gold pieces.

Inventory:

Hand Weapons
 k - a +3 short sword of venom (weapon)
 s - a +2 vorpal hunting sling
Missiles
 d - 42 sling bullets
 e - 110 stones (quivered)
Armour
 a - a +0 scale mail
 c - a +1 chain mail of cold resistance (worn)
Jewellery
 h - a ring of poison resistance (left hand)
Scrolls
 b - 3 scrolls of teleportation
 i - 3 scrolls of identify
 j - 3 scrolls of remove curse
 l - a scroll of magic mapping {unknown}
Potions
 f - a potion of mutation
 g - 2 potions of flight
 m - a potion of magic
 n - 2 potions of haste


   Skills:
 - Level 1.7 Fighting
 * Level 6.1 Short Blades
 + Level 7.8 Slings
 - Level 2.1 Dodging
 + Level 3.3 Stealth


You had 6 spell levels left.
You didn't know any spells.
Your spell library contained the following spells:

 Spells                   Type           Power        Failure   Level
 Confusing Touch          Hex            #.......     100%        3
 Gell's Gravitas          Tloc           #.........   100%        3
 Petrify                  Tmut/Erth      #.......     100%        4
 Metabolic Englaciation   Hex/Ice        #.........   100%        5
 Yara's Violent Unravell  Hex/Tmut       #.........   100%        5


Dungeon Overview and Level Annotations

Branches:
Dungeon (4/15)
 Temple: D:4-7

Altars:
Okawaru
Qazlal
Ru
Vehumet
Wu Jian
Xom
Yredelemnul


Innate Abilities, Weirdness & Mutations

You are small and have problems with some larger weapons.
You are somewhat resistant to further mutation.


Message History

The hornet completely misses you.
The phantom hits you but does no damage.
You miss the hornet.
The hornet is heavily wounded.
The hornet stings you!
* * * LOW HITPOINT WARNING * * *
The hornet stings you.
* * * LOW HITPOINT WARNING * * *
You feel yourself slow down. The phantom barely misses you.
Okay, then.
Okay, then.
You barely miss the hornet.
The hornet is severely wounded.
The hornet barely misses you. The phantom completely misses you.
You closely miss the hornet.
The hornet is almost dead.
You feel yourself speed up.
You kill the hornet!
The phantom hits you.
You die...

##. ... ##...#..
###...##.#
##......#.# ###
.#.........# #.# #.
...........## ##.#
#.. ............##
##..## .#
.............###.#..#
.#
.......@........#####
###
......W†.....#..##
..##.
#.........#..#...####
.....
##........#..#......#
.##
#......###...#####.#
##
#.####..##..####...#
### # ##.....##
##..##...## ##.# #
#.....## ###....##
##.## ..##..##..#
#..#.#####.##


You could see a phantom.

Vanquished Creatures
  A hornet (D:4)
  Sigmund (D:3)
  An orc priest (D:4)
  Jessica (D:2)
  Natasha (thrice) (D:3)
  A howler monkey skeleton (D:4)
  4 adders
  An ooze (D:2)
  3 worms (D:2)
  2 dart slugs (D:1)
  4 leopard geckos
  4 orcs
  A giant cockroach (D:2)
  7 hobgoblins
  9 jackals
  2 quokkas
  4 ball pythons
  5 bats
  2 frilled lizards
  7 goblins
  10 kobolds
  9 rats
82 creatures vanquished.

Notes
Turn   | Place    | Note
-------+----------+-------------------------------------------
     0 | D:1      | Kinoniko the Halfling Hunter began the quest for the Orb.
     0 | D:1      | Reached XP level 1. HP: 14/14 MP: 1/1
   171 | D:1      | Reached skill level 1 in Short Blades
   175 | D:1      | Reached skill level 6 in Slings
   302 | D:1      | Reached XP level 2. HP: 19/19 MP: 2/2
   598 | D:1      | Reached XP level 3. HP: 23/24 MP: 3/3
  1254 | D:2      | Noticed Jessica
  1257 | D:2      | Killed Jessica
  1258 | D:2      | Reached XP level 4. HP: 29/29 MP: 4/4
  1315 | D:2      | Found an ornate altar of the Wu Jian Council.
  1315 | D:2      | Found a basalt altar of Yredelemnul.
  1315 | D:2      | Found an iron altar of Okawaru.
  1319 | D:2      | Found a sacrificial altar of Ru.
  1319 | D:2      | Found a shimmering altar of Xom.
  1319 | D:2      | Found a radiant altar of Vehumet.
  2184 | D:2      | Reached XP level 5. HP: 34/34 MP: 5/5
  2856 | D:3      | Noticed Natasha
  2863 | D:3      | Killed Natasha
  2864 | D:3      | Reached skill level 7 in Slings
  3380 | D:3      | Noticed Natasha
  3388 | D:3      | Killed Natasha
  3487 | D:3      | Found a stormy altar of Qazlal.
  3488 | D:3      | Noticed a water elemental
  3488 | D:3      | Noticed an air elemental
  3488 | D:3      | Noticed a fire elemental
  3519 | D:3      | Noticed Sigmund
  3530 | D:3      | Killed Sigmund
  3531 | D:3      | Reached skill level 5 in Short Blades
  3531 | D:3      | Reached XP level 6. HP: 37/39 MP: 6/6
  3730 | D:3      | Noticed Natasha
  3739 | D:3      | Killed Natasha
  3740 | D:3      | Reached XP level 7. HP: 32/44 MP: 7/7
  4419 | D:4      | Noticed a hornet
  4436 | D:4      | Killed a hornet
  4436 | D:4      | Slain by a phantom

Illustrated notes

Levels and vault maps discovered:
D:1:      dpeg_arrival_round_b, layout_basic, minmay_misc_feat_square,
          corner_web_ring, minmay_tetromino_s2
D:2:      minmay_chambers_of_twos, layout_basic, grunt_temple_overflow_open,
          uniq_jessica
D:3:      minmay_angry_zag, layout_basic, nicolae_qazlal_style_of_elements,
          uniq_sigmund, uniq_natasha
D:4:      layout_layer_cave, minmay_lizard_king

Skill      XL: |  1  2  3  4  5  6  7 |
---------------+----------------------+-----
Short Blades   | 1 2 3 4 5 6 |  6.1
Slings         | 6 7 |  7.8
Stealth        | 3 |  3.3
Fighting       | |  1.7
Dodging        | |  2.1

Action                   |  1- 3 |  4- 6 |  7- 9 || total
-------------------------+-------+-------+-------++-------
Melee: Short sword       |    52 |   102 |    36 ||   190
 Fire: Hunting sling     |    42 |    39 |       ||    81
  Use: Scroll            |       |    12 |     4 ||    16
       Potion            |       |       |     3 ||     3
 Stab: Sleeping          |     1 |     1 |       ||     2
Armor: Leather armour    |    14 |     4 |       ||    18
       Scale mail        |       |    18 |       ||    18
       Chain mail        |       |       |    12 ||    12
Dodge: Dodged            |    59 |    57 |    16 ||   132

Table legend: (Time is in decaauts)
 A = Elapsed time spent in this place.
 B = Non-inter-level travel time spent in this place.
 C = Inter-level travel time spent in this place.
 D = Time resting spent in this place.
 E = Time spent auto-exploring this place.
 F = Levels seen in this place.
 G = Mean time per level.
                   A        B        C        D        E       F      G
               +--------+--------+--------+--------+--------+-----+--------+
         Total |   4418 |   4167 |    251 |    565 |   3037 |   4 | 1104.5 |
       Dungeon |   4418 |   4167 |    251 |    565 |   3037 |   4 | 1104.5 |
               +--------+--------+--------+--------+--------+-----+--------+

Top non-repeatable levels by time:
     D:2: 1611 daAuts
     D:1: 1179 daAuts
     D:3: 1048 daAuts
     D:4: 579 daAuts
